 Dungeon Sprint DCSS version 0.28-a0-861-ge64d6db94f (webtiles) character file.

Game seed: 10570622868272579718

155 emperorscorpion the Magician (level 5, -13/42 HPs)
             Began as a Djinni Warper on Nov 15, 2021.
             Was an Initiate of Makhleb.
             Killed from afar by an acid dragon (19 damage)
             ... with a splash of acid
             ... in the Dungeon (Sprint IX: "|||||||||||||||||||||||||||||").
             The game lasted 00:02:07 (162 turns).

emperorscorpion the Magician (Djinni Warper)         Turns: 162, Time: 00:02:08

Health: -13/42     AC:  8    Str: 10    XL:     5   Next: 63%
Gold:   0          EV:  6    Int: 17    God:    Makhleb [......] SH:  0 Dex: 17

rFire   + + .      SeeInvis .   a - +2 scimitar (distort)
rCold   x . .      Faith    .   (no shield)
rNeg    . . .      Spirit   .   n - +1 chain mail
rPois   ∞          Reflect  .   l - +0 helmet
rElec   .          Harm     .   (no cloak)
rCorr   .          Rampage  .   m - +0 pair of gloves
Will    .....      NoTele   +   (boots unavailable)
Stlth   ..........              (no amulet)
HPRegen 0.14/turn               o - +3 ring of intelligence
MPRegen 0.00/turn               p - +3 ring of dexterity

@: corroded, flying, very slightly contaminated, invisible
A: sickness immunity, fire resistance 2, cold vulnerability 1, float, innate
caster, hp casting, extra vitality 1
a: Renounce Religion


You were in the Dungeon.
You worshipped Makhleb.
Makhleb was noncommittal.
You visited 1 branch

Inventory:

Hand Weapons
 a - a +2 scimitar of distortion (weapon)
 j - a +2 rapier of draining
 k - a +0 short sword
Missiles
 d - 5 boomerangs of dispersal (quivered)
Armour
 b - a +0 leather armour
 l - a +0 helmet (worn)
 m - a +0 pair of gloves (worn)
 n - a +1 chain mail (worn)
Jewellery
 o - a +3 ring of intelligence (left hand)
 p - a +3 ring of dexterity (right hand)
Wands
 i - a wand of iceblast (10)
Scrolls
 c - 3 scrolls of blinking
Potions
 g - a potion of haste


   Skills:
 + Level 4.3 Fighting
 + Level 4.6 Short Blades
 + Level 0.4(2.8) Long Blades
 + Level 0.9 Throwing
 + Level 3.5 Armour
 + Level 4.4 Dodging
 + Level 0.1 Stealth
 + Level 5.5 Spellcasting


You couldn't memorise any spells.
You knew the following spells:

 Your Spells              Type           Power      Damage    Failure   Level
a - Blink                 Tloc           46%        N/A       78%         2
b - Lesser Beckoning      Tloc           23%        N/A       95%         3
c - Gell's Gravitas       Tloc           23%        N/A       95%         3
d - Teleport Other        Tloc           23%        N/A       95%         3
e - Manifold Assault      Tloc           23%        N/A       100%        5
f - Apportation           Tloc           46%        N/A       65%         1
g - Passwall              Tmut/Erth      19%        N/A       78%         2
Your spell library was empty.

Dungeon Overview and Level Annotations

Branches:
Dungeon (1/1)

Altars:
Cheibriados
Dithmenos
Elyvilon
Fedhas
Gozag
Hepliaklqana
Kikubaaqudgha
Makhleb
Nemelex Xobeh
Okawaru
Qazlal
Ru
Sif Muna
Trog
Uskayaw
Vehumet
Wu Jian
Xom
Yredelemnul
Zin
The Shining One
Beogh
Jiyva
Lugonu


Innate Abilities, Weirdness & Mutations

You are immune to sickness and miasma.
You are immune to poison.
Your flesh is very heat resistant. (rF++)
You are vulnerable to cold. (rC-)
You float through the air rather than walking.
You learn spells naturally, not from books.
Your magical power is your life essence.
You have superior vitality. (+4 HP)


Message History

* * * LOW HITPOINT WARNING * * *
The acid dragon barely misses you.
You hit the acid dragon but do no damage.
Space warps horribly around the acid dragon!
The acid dragon is severely wounded.
The acid dragon bites you!
* * * LOW HITPOINT WARNING * * *
The acid dragon claws you but does no damage.
The acid dragon bites you.
* * * LOW HITPOINT WARNING * * *
The acid dragon claws you but does no damage.
You feel better. The acid dragon bites you.
* * * LOW HITPOINT WARNING * * *
The acid dragon barely misses you.
You feel better. The acid dragon bites you!
* * * LOW HITPOINT WARNING * * *
The acid dragon barely misses you.
You feel better. The acid dragon spits acid at you.
The splash of acid misses you.
You feel better. The acid dragon spits acid at you.
The splash of acid hits you!
* * * LOW HITPOINT WARNING * * *
Casting: Blink (quite dangerous; 78% risk of failure)
Confirm with . or Enter, or press ? or * to list all spells.
The spell is quite dangerous to cast (78% risk of failure)!
Continue anyway?
You miscast Blink.
You are very lightly contaminated with residual magic.
Nothing appears to happen.
* * * LOW HITPOINT WARNING * * *
The acid dragon barely misses you.
The acid dragon claws you but does no damage.
Okay, then.
Okay, then.
You barely miss the acid dragon.
The acid dragon is severely wounded.
The acid dragon spits acid at you. The splash of acid hits you!!
You die... ▓▓▓▓▓▓▓▓▓▓▓▓▓▓▓▓▓▓▓▓▓▓▓▓ +...ZyD@......)?!'______ ▓▓▓▓▓▓▓▓▓▓▓▓▓▓▓▓▓▓▓▓▓▓▓▓

You could see an acid dragon (catching breath), a killer bee and a bat zombie.

Vanquished Creatures
  An acid dragon (D)
  A necrophage (D)
  An orc (D)
  A bat zombie (D)
  A goblin (D)
  A quokka (D)
  A ball python (D)
  A bat (D)
  2 giant cockroach zombies (D)
  2 kobolds (D)
12 creatures vanquished.

Vanquished Creatures (others)
  A hornet (D)
1 creature vanquished.

Grand Total: 13 creatures vanquished

Notes
Turn   | Place    | Note
-------+----------+-------------------------------------------
     0 | D        | emperorscorpion the Djinni Warper began the quest for the
                  | Orb.
     0 | D        | Reached XP level 1. HP: 18/18 MP: 0/0
    21 | D        | Reached skill level 3 in Spellcasting
    41 | D        | Noticed a necrophage
    48 | D        | Reached XP level 2. HP: 24/24 MP: 0/0
    50 | D        | Killed a necrophage
    51 | D        | Reached skill level 5 in Spellcasting
    51 | D        | Reached XP level 3. HP: 31/31 MP: 0/0
    51 | D        | Learned a level 1 spell: Apportation
    51 | D        | Reached XP level 4. HP: 37/37 MP: 0/0
    71 | D        | Found a snail-covered altar of Cheibriados.
    71 | D        | Found a shadowy altar of Dithmenos.
    71 | D        | Found a white marble altar of Elyvilon.
    71 | D        | Found a blossoming altar of Fedhas.
    71 | D        | Found an opulent altar of Gozag.
    72 | D        | Found a hazy altar of Hepliaklqana.
    73 | D        | Found a viscous altar of Jiyva.
    75 | D        | Found a corrupted altar of Lugonu.
    76 | D        | Found a burning altar of Makhleb.
    77 | D        | Found a sparkling altar of Nemelex Xobeh.
    78 | D        | Found an iron altar of Okawaru.
    79 | D        | Found a stormy altar of Qazlal.
    80 | D        | Found a sacrificial altar of Ru.
    82 | D        | Found a bloodstained altar of Trog.
    83 | D        | Found a hide-covered altar of Uskayaw.
    84 | D        | Became a worshipper of Makhleb the Destroyer
    86 | D        | Found an ornate altar of the Wu Jian Council.
    87 | D        | Found a shimmering altar of Xom.
    88 | D        | Found a basalt altar of Yredelemnul.
    89 | D        | Found a glowing silver altar of Zin.
    90 | D        | Found a glowing golden altar of the Shining One.
   141 | D        | Noticed an acid dragon
   141 | D        | Noticed an acid dragon
   141 | D        | Noticed a hornet
   147 | D        | Killed a hornet
   148 | D        | Reached XP level 5. HP: 27/41 MP: 0/0
   148 | D        | Learned a level 2 spell: Passwall
   153 | D        | Killed an acid dragon
   156 | D        | HP: 1/42 [acid dragon (2)]
   162 | D        | Killed from afar by an acid dragon

Illustrated notes

Levels and vault maps discovered:
D:        linesprint [early_d, line_temple, items_1, d_10, items_2, lair_1,
          lair_end, items_3, orc_1, orc_end, items_4, d_15, swamp_1, shoals_1,
          snake_1, spider_1, d_20, vaults_1, items_5, swamp_end, shoals_end,
          snake_end, spider_end, vaults_end, d_27, items_6, zot_1, zot_end,
          crypt_end, forest_end, elf_end, slime_end, tomb_end, abyss_end,
          pan_hell_end]

Skill      XL: |  1  2  3  4 |
---------------+-------------+-----
Spellcasting   | 3 5 |  5.5
Fighting       | 3 4 |  4.3
Short Blades   | 3 4 |  4.6
Armour         | 2 3 |  3.5
Dodging        | 3 4 |  4.4
Long Blades    | |  0.4
Throwing       | |  0.9
Stealth        | |  0.1

Action                   |  1- 3 |  4- 6 || total
-------------------------+-------+-------++-------
Melee: Short sword       |    32 |    14 ||    46
       Scimitar          |       |    11 ||    11
  Use: Potion            |     2 |     8 ||    10
 Stab: Invisible         |       |     1 ||     1
Armor: Leather armour    |    10 |       ||    10
       Chain mail        |       |    10 ||    10
Dodge: Dodged            |    19 |    16 ||    35

Table legend: (Time is in decaauts)
 A = Elapsed time spent in this place.
 B = Non-inter-level travel time spent in this place.
 C = Inter-level travel time spent in this place.
 D = Time resting spent in this place.
 E = Time spent auto-exploring this place.
 F = Levels seen in this place.
 G = Mean time per level.
                   A        B        C        D        E       F      G
               +--------+--------+--------+--------+--------+-----+--------+
         Total |    169 |    169 |      0 |      0 |      0 |   1 |  169.0 |
       Dungeon |    169 |    169 |      0 |      0 |      0 |   1 |  169.0 |
               +--------+--------+--------+--------+--------+-----+--------+

Top non-repeatable levels by time:
       D: 169 daAuts
